 Dungeon Crawl Stone Soup version 0.25-a0-566-g062765be81 (webtiles) character file.

Game seed: 10825852194889973173, levelgen mode: deterministic

107 kae the Sneak (level 4, -3/30 HPs)
             Began as a Vampire Enchanter on Feb 28, 2020.
             Slain by a gnoll
             ... wielding a +0 halberd
              (16 damage)
             ... on level 2 of the Dungeon.
             The game lasted 00:03:29 (1612 turns).

kae the Sneak (Vampire Enchanter)                   Turns: 1612, Time: 00:03:30

Health: -3/30      AC:  2    Str:  7    XL:     4   Next: 56%
Magic:  2/7        EV: 12    Int: 18    God:
Gold:   74         SH:  0    Dex: 14    Spells: 2/8 levels left

rFire    . . .     SeeInvis +   d - +2 dagger (freeze)
rCold    . . .     Gourm    .   (no shield)
rNeg     . . .     Faith    .   b - +0 robe
rPois    .         Spirit   .   (no helmet)
rElec    .         Reflect  .   (no cloak)
rCorr    .         Harm     .   (no gloves)
MR       .....                  (no boots)
Stlth    +++.......             (no amulet)
HPRegen  0.30/turn              (no ring)
MPRegen  0.10/turn              (no ring)

@: regenerating quickly
A: no food, fangs 3, see invisible, unbreathing
a: Exsanguinate


You were on level 2 of the Dungeon.
You were alive.

You visited 1 branch of the dungeon, and saw 2 of its levels.

You collected 74 gold pieces.

Inventory:

Hand Weapons
 a - a +1 dagger
 d - a +2 dagger of freezing (weapon)
Armour
 b - a +0 robe (worn)
 f - a +0 buckler of reflection
Scrolls
 e - 2 scrolls of teleportation {unknown}
 g - 2 scrolls of identify {unknown}
 h - 2 scrolls of enchant armour {unknown}
 j - a scroll of noise {unknown}
 k - a scroll of fog
Potions
 c - 2 potions of curing
 i - a potion of stabbing {unknown}
 l - a potion of heal wounds {unknown}
 m - 2 potions of lignification {unknown}


   Skills:
 * Level 3.2 Short Blades
 - Level 2.1 Dodging
 + Level 5.4 Stealth
 + Level 2.6 Spellcasting
 + Level 5.3 Hexes


You had 2 spell levels left.
You knew the following spells:

 Your Spells              Type           Power        Failure   Level  Hunger
a - Corona                Hex            ###....      1%          1    N/A
b - Ensorcelled Hibernat  Hex/Ice        ##....       9%          2    N/A
c - Confusing Touch       Hex            ###.....     6%          3    N/A

Your spell library contained the following spells:

 Spells                   Type           Power        Failure   Level  Hunger
 Tukima's Dance           Hex            ###.....     6%          3    N/A
 Dazzling Flash           Conj/Hex       ##....       17%         3    N/A

Dungeon Overview and Level Annotations

Branches:
Dungeon (2/15)

Altars:
Elyvilon
Fedhas
Trog
Uskayaw


Innate Abilities, Weirdness & Mutations

You do not eat.
Your natural rate of healing is unusually fast.
You have razor-sharp teeth.
You have supernaturally acute eyesight. (SInv)
You can survive without breathing.


Message History

You start resting.
The gnoll is too close now for your liking.
The gnoll shouts!
You hear a shout!
You start resting.
The gnoll is too close now for your liking.
Casting: Ensorcelled Hibernation (safe; 9% risk of failure)
Confirm with . or Enter, or press ? or * to list all spells.
Aiming: Ensorcelled Hibernation (safe; 9% risk of failure)
Press: ? - help, Shift-Dir - straight line, f - gnoll
Aim: a gnoll, wielding a +0 halberd (chance to defeat MR: 50%)
The gnoll resists with some effort.
The gnoll closely misses you. The gnoll hits you with a +0 halberd!
Casting: Ensorcelled Hibernation (safe; 9% risk of failure)
Confirm with . or Enter, or press ? or * to list all spells.
Aiming: Ensorcelled Hibernation (safe; 9% risk of failure)
Press: ? - help, Shift-Dir - straight line, f/p - gnoll
Aim: a gnoll, wielding a +0 halberd (chance to defeat MR: 50%)
The gnoll resists with some effort.
The gnoll hits you with a +0 halberd!
Ouch! That really hurt!
You die...

#........# #..........#'#
#........# #.#######.....
#........# #.# #.....
#........#####.# ###...
#..[...........#######.+...
######+#.####.......##.#...
#...............#.##.#
###...#...........##.#
#######@#..............#
#...)..g#.........).....
#.########..............
#######'## #.......#######
.........# #.......#
.........#######.......#
.........'....##########
.........#.....#
.........#.##..#


You could see a gnoll.

Vanquished Creatures
  Terence (D:2)
  A gnoll (D:2)
  An adder (D:2)
  An ooze (D:2)
  A worm (D:2)
  5 dart slugs
  A leopard gecko (D:2)
  5 bats
  A giant cockroach (D:2)
  3 goblins
  6 hobgoblins
  7 kobolds
  2 quokkas (D:2)
  2 frilled lizards
  6 rats
  A plant (D:1)
44 creatures vanquished.

Notes
Turn   | Place    | Note
-------+----------+-------------------------------------------
     0 | D:1      | kae the Vampire Enchanter began the quest for the Orb.
     0 | D:1      | Reached XP level 1. HP: 13/13 MP: 3/3
   174 | D:1      | Reached XP level 2. HP: 10/19 MP: 3/5
   711 | D:2      | Reached XP level 3. HP: 21/24 MP: 6/6
   742 | D:2      | Reached skill level 5 in Stealth
   948 | D:2      | Reached skill level 5 in Hexes
   953 | D:2      | Noticed Terence
   981 | D:1      | Learned a level 2 spell: Ensorcelled Hibernation
   985 | D:1      | Learned a level 3 spell: Confusing Touch
  1085 | D:2      | Found a bloodstained altar of Trog.
  1089 | D:2      | Found a hide-covered altar of Uskayaw.
  1089 | D:2      | Found a white marble altar of Elyvilon.
  1091 | D:2      | Found a blossoming altar of Fedhas.
  1340 | D:2      | Killed Terence
  1340 | D:2      | Reached XP level 4. HP: 18/30 MP: 0/7
  1612 | D:2      | Slain by a gnoll

Levels and vault maps discovered:
D:1:      heliophobic_arrival_dark_side_of_the_moon, layout_basic,
          serial_forest, infiniplex_forest_clump_curved, infiniplex_forest_pool,
          infiniplex_forest_straight_2, infiniplex_forest_clump_medium,
          minmay_misc_feat_five, minmay_hexomino_f4
D:2:      layout_basic, grunt_temple_overflow_open, minmay_vboxes, uniq_terence

Skill      XL: |  1  2  3 |
---------------+----------+-----
Short Blades   | 2 3 |  3.2
Stealth        | 5 |  5.4
Hexes          | 5 |  5.3
Dodging        | |  2.1
Spellcasting   | |  2.6

Action                   |  1- 3 |  4- 6 || total
-------------------------+-------+-------++-------
Melee: Dagger            |   177 |     9 ||   186
       Bite              |    18 |     4 ||    22
 Cast: Corona            |     8 |       ||     8
       Ensorcelled Hiber |     4 |     5 ||     9
  Use: Potion            |     2 |       ||     2
       Scroll            |     1 |       ||     1
 Stab: Sleeping          |     9 |     2 ||    11
Armor: Robe              |    15 |     1 ||    16
Dodge: Dodged            |    76 |     8 ||    84

Table legend:
 A = Non-vault XP
 B = Vault XP
 C = Vault XP percentage of total XP
 D = Non-vault monster count
 E = Vault monster count
 F = Vault count percentage of total count
                 A         B        C        D         E       F
            +---------+---------+-------+---------+---------+-------
      Total |      92 |      61 |  39.9 |      30 |      13 |  30.2
            +---------+---------+-------+---------+---------+-------
        D:1 |      28 |       8 |  22.2 |      16 |       3 |  15.8
        D:2 |      64 |      53 |  45.3 |      14 |      10 |  41.7
            +---------+---------+-------+---------+---------+-------
